 Dungeon Crawl Stone Soup version 0.29-a0-340-g6efceafd81 (webtiles) character file.

Game seed: 15382403949429737519

43 Oblizorion the Skirmisher (level 3, 0/33 HPs)
             Began as a Hill Orc Fighter on Apr 19, 2022.
             Slain by Natasha (5 damage)
             ... on level 2 of the Dungeon.
             The game lasted 00:03:05 (1270 turns).

Oblizorion the Skirmisher (Hill Orc Fighter)        Turns: 1270, Time: 00:03:06

Health: 0/33       AC:  7    Str: 18    XL:     3   Next: 58%
Magic:  3/3        EV:  9    Int:  8    God:
Gold:   114        SH:  4    Dex: 12    Spells: 2/2 levels left

rFire   . . .      SeeInvis .   a - +0 war axe
rCold   . . .      Faith    .   c - +0 buckler
rNeg    . . .      Spirit   .   b - +0 scale mail
rPois   .          Reflect  .   (no helmet)
rElec   .          Harm     .   (no cloak)
rCorr   .          Rampage  .   (no gloves)
Will    .....                   (no boots)
Stlth   ..........              (no amulet)
HPRegen 0.11/turn               (no ring)
MPRegen 0.08/turn               (no ring)

@: slowed, very slow
A: no striking features
a: no special abilities


You were on level 2 of the Dungeon.
You visited 1 branch of the dungeon, and saw 2 of its levels.

You collected 114 gold pieces.

Inventory:

Hand Weapons
 a - a +0 war axe (weapon)
Armour
 b - a +0 scale mail (worn)
 c - a +0 buckler (worn)
Magical Staves
 l - a staff of cold
Scrolls
 g - 4 scrolls of identify {unknown}
 j - a scroll of amnesia {unknown}
 k - a scroll of immolation {unknown}
Potions
 d - 2 potions of might
 e - a potion of lignification {unknown}
 f - 3 potions of curing {unknown}
 h - a potion of degeneration {unknown}
 i - 2 potions of resistance {unknown}
 m - a potion of brilliance {unknown}


   Skills:
 + Level 4.1 Fighting
 + Level 3.4 Axes
 + Level 3.7 Armour
 + Level 0.2 Dodging
 + Level 3.7 Shields


You had 2 spell levels left.
You didn't know any spells.
Your spell library was empty.

Dungeon Overview and Level Annotations

Branches:
Dungeon (2/15)

Altars:

Shops:
D:1 ?

Annotations:
D:2 Natasha


Message History

A bat comes into view.
Natasha closely misses you.
The white imp hits you but does no damage.
Natasha claws you but does no damage. The white imp barely misses you.
The white imp attacks as you move away! You block the white imp's attack.
The white imp shouts, "Embrace thy failure, thou foisting rude-growing simpleton!"
Natasha claws you but does no damage. Natasha attacks as you move away!
Natasha barely misses you. The bat hits you but does no damage.
Natasha claws you! The white imp barely misses you.
The white imp attacks as you move away!
The white imp hits you but does no damage.
The bat barely misses you. Natasha closely misses you.
The white imp gestures at you.
The puff of frost hits you but does no damage.
You slash the white imp!
You kill the white imp!
The white imp disappears in a puff of smoke!
The bat closely misses you. Natasha casts a spell at you.
You feel as though you will be slow longer.
You hit Natasha but do no damage.
Natasha is lightly wounded.
Natasha mumbles some strange words. x2
You barely miss the crimson imp. You hit Natasha.
Natasha claws you but does no damage. The crimson imp closely misses you.
Natasha claws you.
* * * LOW HITPOINT WARNING * * *
The crimson imp hits you but does no damage.
You slash the crimson imp!
The crimson imp is severely wounded.
You hit Natasha. Natasha claws you.
* * * LOW HITPOINT WARNING * * *
The crimson imp blinks!
Natasha claws you but does no damage. Natasha closely misses you.
Natasha attacks as you move away! Natasha barely misses you.
You closely miss Natasha.
Natasha is heavily wounded.
Natasha misses you. Natasha claws you.
You die...

######## #......#### #####
### #.##......### ##...#...#
.##..#..###...######.........
.....^.....†.>.5@hb5.........
##..#..######.####..........
#.>...<...................
#.##.####.###.............
#....# #.# ##...........#
###..# # ..........#### #..#
........#### .... ........#
##.#


You could see Natasha, a crimson imp (summoned), a shadow imp (summoned) and a
bat.

Vanquished Creatures
  A gnoll (D:1)
  5 ball pythons (D:1)
  2 bats (D:1)
  4 endoplasms (D:1)
  3 giant cockroaches (D:1)
  3 goblins (D:1)
  2 hobgoblins
  2 jackals (D:1)
  A kobold (D:1)
  3 quokkas
  A rat (D:1)
27 creatures vanquished.

Vanquished Creatures (others)
  4 toadstools (D:1)
4 creatures vanquished.

Grand Total: 31 creatures vanquished

Notes
Turn   | Place    | Note
-------+----------+-------------------------------------------
     0 | D:1      | Oblizorion the Hill Orc Fighter began the quest for the
                  | Orb.
     0 | D:1      | Reached XP level 1. HP: 19/19 MP: 1/1
   112 | D:1      | Found Ulyllil's Magic Scroll Shoppe.
   117 | D:1      | Reached XP level 2. HP: 23/27 MP: 2/2
   453 | D:1      | Reached skill level 4 in Fighting
   453 | D:1      | Reached XP level 3. HP: 24/33 MP: 3/3
  1254 | D:2      | Noticed Natasha
  1270 | D:2      | Slain by Natasha

Illustrated notes

Levels and vault maps discovered:
D:1:      ldierk_walled_garden_2, layout_basic, serial_shops, shop
D:2:      layout_rooms, serial_shops, nicolae_shop_stone,
          hangedman_decor_opposing, uniq_natasha, uniq_terence

Skill      XL: |  1  2 |
---------------+-------+-----
Fighting       | 4 |  4.1
Axes           | 3 |  3.4
Armour         | |  3.7
Dodging        | |  0.2
Shields        | |  3.7

Action                   || total
-------------------------++-------
Melee: War axe           ||    77
Armor: Scale mail        ||    47
Dodge: Dodged            ||    48
Block: Buckler           ||    23

Table legend: (Time is in decaauts)
 A = Elapsed time spent in this place.
 B = Non-inter-level travel time spent in this place.
 C = Inter-level travel time spent in this place.
 D = Time resting spent in this place.
 E = Time spent auto-exploring this place.
 F = Levels seen in this place.
 G = Mean time per level.
                   A        B        C        D        E       F      G
               +--------+--------+--------+--------+--------+-----+--------+
         Total |   1305 |   1223 |     82 |    337 |    586 |   2 |  652.5 |
       Dungeon |   1305 |   1223 |     82 |    337 |    586 |   2 |  652.5 |
               +--------+--------+--------+--------+--------+-----+--------+

Top non-repeatable levels by time:
     D:1: 1188 daAuts
     D:2: 117 daAuts
